 Dungeon Crawl Stone Soup version 0.32-a0-666-ge8a88695a4 (webtiles) character file.

Game seed: 2263592351901015598

39 Esekla the Sneak (level 3, 15/26 HPs)
             Began as an Octopode Delver on Mar 10, 2024.
             Quit the game on level 5 of the Dungeon.
             The game lasted 00:00:49 (24 turns).

Esekla the Sneak (Octopode Delver)                    Turns: 24, Time: 00:00:49

Health: 15/26      AC:  1    Str: 11    XL:     3   Next: 45%
Magic:  3/3        EV: 13    Int: 14    God:
Gold:   0          SH:  0    Dex: 13    Spells: 3/3 levels left

rFire   . . .        a - +0 falchion
rCold   . . .        (no shield)
rNeg    . . .        (helmet restricted)
rPois   .            (no amulet)
rElec   .            (no ring)
rCorr   .            (no ring)
SInv    .            (no ring)
Will    .....        (no ring)
Stlth   ++++         (no ring)
HPRegen 0.24/turn    (no ring)
MPRegen 0.08/turn    (no ring)
                     (no ring)

%: no passive effects
@: no status effects
A: almost no armour, amphibious, 8 rings, camouflage 1, gelatinous body 1,
(nimble swimmer 1), tentacles
a: no special abilities


You were on level 5 of the Dungeon.
You visited 1 branch of the dungeon, and saw 1 of its levels.

Inventory:

Hand Weapons
 a - a +0 falchion (weapon)
Wands
 f - a wand of digging (2)
Scrolls
 b - a scroll of fog
 d - a scroll of fear
Potions
 e - a potion of haste


   Skills:
 * Level 3.2 Fighting
 + Level 2.0 Long Blades
 * Level 2.3 Dodging
 + Level 7.4 Stealth
 * Level 0.5 Spellcasting


You had 3 spell levels left.
You didn't know any spells.
Your spell library was empty.

Dungeon Overview and Level Annotations

Branches:
Dungeon (5/15)
 Temple: D:4-7

Altars:
Makhleb


Innate Abilities, Weirdness & Mutations

You cannot wear most types of armour.
You are amphibious.
You can wear up to eight rings at the same time.
Your skin changes colour to match your surroundings (Stealth+).
Your rubbery body absorbs attacks. (AC +1, EV +1)
((You are camouflaged when in or above water. (Stealth+)))
You have tentacles for arms and can constrict up to eight enemies at once.


Message History

Found an escape hatch in the ceiling.
Aiming: Dig
Press: ? - help, Shift-Dir - straight line The rock shatters into small pieces.
A human skeleton and a hound skeleton come into view.
Found a burning altar of Makhleb.
The hound skeleton closely misses you.
The hound skeleton attacks as it pursues you!
The hound skeleton barely misses you.
You slash the hound skeleton! You grab the hound skeleton.
You squeeze the hound skeleton, but do no damage.
The hound skeleton is moderately damaged.
You constrict the hound skeleton. The hound skeleton bites you. x2
You hit the hound skeleton.
The hound skeleton is severely damaged.
You constrict the hound skeleton. The hound skeleton bites you.
You hit the hound skeleton.
You destroy the hound skeleton!
You have reached level 2!
You hit the human skeleton. You grab the human skeleton.
You squeeze the human skeleton!
The human skeleton is moderately damaged.
You constrict the human skeleton. The human skeleton closely misses you.
You hit the human skeleton. You squeeze the human skeleton.
The human skeleton is heavily damaged.
You constrict the human skeleton. The human skeleton barely misses you.
You hit the human skeleton.
The human skeleton is severely damaged.
You constrict the human skeleton. You hit the human skeleton.
The human skeleton is almost destroyed.
You constrict the human skeleton. The human skeleton closely misses you.
You hit the human skeleton.
You destroy the human skeleton!
Your Stealth skill increases to level 7!
You have reached level 3!
Your experience leads to an increase in your attributes!
Increase (S)trength, (I)ntelligence, or (D)exterity?
You feel clever. x2
Are you sure you want to abandon this character and quit the game? (Confirm with "yes".)

*,*****,,,,******,,,*#*,,***
*,* *,,,,**,,,,,,*
###*,.#*,,,,* *,*
,,,,,**,,,,,,* #ß###.,*,,*,*
*,*
,,,,,,,,,,,,**##..#.,**,,*,*
*,*
,,,,,,,,**,**##....,****,*,*
*,* *,**,,,,**,*
#∩_..***,**,*,* *,*
,,,,,,,,,,,***#..####.#*,*,*
*,, ,,,,,,,,,,,,*
*#.#..#.#*,*,* ***
*******,***** #@##.#.#*,*,*
,,,,,,,,,,..####....#.#*,*,*
,******,,,.....#....#.##.#.*
,* *,,,,*##......#.##.#.#
,******,,,,*###..##.#......#
,*,,,,,,,,,*##.............#
,*,,,,,,*+**####..#.####.#.#
,*,,,,,,*,* ####....#....#.#
**,,,,,,*,* ####....#.##.#.#


There were no monsters in sight!

Vanquished Creatures
  A human skeleton (D:5)
  A hound skeleton (D:5)
2 creatures vanquished.

Notes
Turn   | Place    | Note
-------+----------+-------------------------------------------
     0 | D:5      | Esekla the Octopode Delver began the quest for the Orb.
     0 | D:5      | Reached XP level 1. HP: 16/16 MP: 1/1
    11 | D:5      | Found a burning altar of Makhleb.
    19 | D:5      | Reached XP level 2. HP: 10/21 MP: 2/2
    24 | D:5      | Reached skill level 7 in Stealth
    24 | D:5      | Reached XP level 3. HP: 15/26 MP: 3/3
    24 | D:5      | Quit the game

Illustrated notes

Levels and vault maps discovered:
D:5:      layout_basic, makhleb_blood_cavern_becter, uniq_sigmund,
          uniq_menkaure, uniq_prince_ribbit1, uniq_pikel

Skill      XL: |  1  2 |
---------------+-------+-----
Stealth        | 7 |  7.4
Fighting       | |  3.2
Long Blades    | |  2.0
Dodging        | |  2.3
Spellcasting   | |  0.5

Action                     || total
---------------------------++-------
  Melee: Falchion          ||     8
         Tentacles         ||     3
         Constrict         ||     2
  Evoke: Wand              ||     1
    Use: Scroll            ||     1
 Armour: Skin              ||     3
  Dodge: Dodged            ||     5

Table legend: (Time is in decaauts)
 A = Elapsed time spent in this place.
 B = Non-inter-level travel time spent in this place.
 C = Inter-level travel time spent in this place.
 D = Time resting spent in this place.
 E = Time spent auto-exploring this place.
 F = Levels seen in this place.
 G = Mean time per level.
                   A        B        C        D        E       F      G
               +--------+--------+--------+--------+--------+-----+--------+
         Total |     25 |     25 |      0 |      0 |      0 |   1 |   25.0 |
       Dungeon |     25 |     25 |      0 |      0 |      0 |   1 |   25.0 |
               +--------+--------+--------+--------+--------+-----+--------+

Top non-repeatable levels by time:
     D:5: 25 daAuts
